Sound Tigers vs Bears
(R1)
Created - May 5, 2022 at 19:28
Goals
|
| Sound Tigers |
0 |
4 |
2 |
6 |
| Bears |
3 |
4 |
0 |
7 |
|
Shots
|
| Sound Tigers |
4 |
13 |
13 |
30 |
| Bears |
9 |
21 |
3 |
33 |
|
1st period
1. Bears , Jake Virtanen 31 (Mike Hoffman 40, Angelo Esposito 44) at 1:08
2. Bears , Jamie McGinn 24 (Nicolas Aube-Kubel 22, Joey Laleggia 37) at 1:34 (PP)
3. Bears , Jamie McGinn 25 (Zach Stepan 31, Nicolas Aube-Kubel 23) at 5:07
Penalties :
Christian Fischer (BRI) for Tripping (Minor) at 1:13
2nd period
4. Sound Tigers , James Sheppard 32 (Joe Labate 19, Christian Fischer 18) at 0:56
5. Bears , Jamie McGinn 26 (Nicolas Aube-Kubel 24, Zach Stepan 32) at 2:25 (PP)
6. Bears , Zach Stepan 18 (Nicolas Aube-Kubel 25) at 7:25
7. Bears , Brett Bulmer 4 (Joey Laleggia 38, Derek Forbort 19) at 10:42
8. Sound Tigers , Christian Fischer 12 (Connor Murphy 50) at 11:15
9. Bears , Nicolas Aube-Kubel 17 (Derek Forbort 20, Tommy Vannelli 7) at 12:07 (PP)
10. Sound Tigers , Scott Glennie 16 (Julian Melchiori 29, Pavel Kraskovsky 24) at 14:36
11. Sound Tigers , Alex Tuch 20 (Borna Rendulic 39, Connor Murphy 51) at 14:58 (PP)
Penalties :
Borna Rendulic (BRI) for Boarding (Minor) at 1:46, Julian Melchiori (BRI) for Roughing (Minor) at 3:52, Borna Rendulic (BRI) for Interference (Minor) at 11:37, Nicolas Aube-Kubel (Her) for Boarding (Minor) at 14:47, Christian Fischer (BRI) for Tripping (Minor) at 18:52
3rd period
12. Sound Tigers , Joe Labate 16 (Christian Fischer 19) at 15:48
13. Sound Tigers , Ryan Bourque 21 (Garret Ross 22, James Livingstone 18) at 16:02
Penalties :
Dylan McIlrath (BRI) for Goalie Interference (Minor) at 1:52, Alexander Yelesin (BRI) for Tripping (Minor) at 8:50, Ryan Hartman (BRI) for Roughing (Minor) at 11:43
Goalie Stats
Sean Maguire (BRI), 11 saves from 15 shots - (0.733), 22:25 minutes
Pavel Francouz (BRI), 15 saves from 18 shots - (0.833), L, 28-24-3, 36:20 minutes
Jake Allen (Her), 24 saves from 30 shots - (0.800), W, 19-22-3, 60:00 minutes
Players Stats for Sound Tigers
Player Name G A P +/- PIM S H SB GA TA FO MP PP MP PK MP
------------------------------------------------------------------------------------
Alex Tuch 1 0 1 -2 0 3 2 0 1 0 0/0 22:43 0:11 6:28
Alexander Yelesin 0 0 0 -2 2 0 0 1 0 0 0/0 15:20 0:00 2:25
Ben Thomson 0 0 0 0 0 1 2 0 0 0 1/1 10:43 0:00 2:38
Borna Rendulic 0 1 1 -2 4 1 2 0 0 0 1/2 16:09 0:11 0:00
Christian Fischer 1 2 3 2 4 3 2 0 0 0 1/2 13:39 0:00 0:00
Connor Murphy 0 2 2 1 0 2 2 0 1 2 0/0 28:07 0:11 6:40
Dylan McIlrath 0 0 0 1 2 0 1 2 1 0 0/0 26:58 0:11 5:35
Gabriel Carlsson 0 0 0 -2 0 0 0 1 0 1 0/0 13:49 0:00 0:19
Garret Ross 0 1 1 1 0 3 1 0 0 0 0/0 14:55 0:00 3:58
James Livingstone 0 1 1 1 0 2 1 0 0 0 1/2 10:46 0:00 0:00
James Sheppard 1 0 1 2 0 2 1 1 1 0 1/1 16:28 0:00 2:48
Joe Labate 1 1 2 2 0 1 3 0 1 1 6/9 15:04 0:00 1:17
Julian Melchiori 0 1 1 2 2 1 0 2 1 0 0/0 17:19 0:00 3:25
Pavel Kraskovsky 0 1 1 0 0 3 2 0 0 1 0/0 8:13 0:00 0:19
Rhett Gardner 0 0 0 0 0 0 0 0 0 0 0/0 0:36 0:00 0:00
Ross Colton 0 0 0 0 0 0 0 0 0 0 0/0 0:00 0:00 0:00
Ryan Bourque 1 0 1 1 0 4 2 0 0 0 2/8 10:46 0:00 0:00
Ryan Hartman 0 0 0 -2 2 2 4 0 0 0 14/35 21:30 0:11 5:22
Scott Glennie 1 0 1 0 0 2 1 0 0 1 0/0 7:48 0:00 0:00
Slater Koekkoek 0 0 0 2 0 0 1 3 0 1 0/0 17:34 0:00 4:26
Players Stats for Bears
Player Name G A P +/- PIM S H SB GA TA FO MP PP MP PK MP
------------------------------------------------------------------------------------
Angelo Esposito 0 1 1 -2 0 0 1 2 0 0 18/30 20:07 6:09 0:00
Austin Wuthrich 0 0 0 0 0 3 2 0 1 0 1/1 12:38 0:13 0:00
Brendan Perlini 0 0 0 0 0 3 1 0 1 1 0/0 12:22 0:00 0:00
Brett Bulmer 1 0 1 1 0 3 1 1 0 0 0/0 8:41 0:00 0:00
Derek Forbort 0 2 2 0 0 0 1 1 0 1 0/0 21:38 4:39 0:00
Emil Johansson 0 0 0 0 0 0 0 0 0 0 0/0 1:14 0:00 0:00
Gianluca Curcuruto 0 0 0 0 0 0 0 0 1 1 0/0 15:25 0:00 0:00
Jake Virtanen 1 0 1 -2 0 3 3 0 2 0 1/1 19:51 5:56 0:00
Jamie McGinn 3 0 3 0 0 6 8 1 0 0 0/0 17:46 5:16 0:11
Joey Laleggia 0 2 2 1 0 2 1 1 0 1 0/0 27:06 6:46 0:11
Kerby Rychel 0 0 0 1 0 1 5 0 0 0 0/0 9:45 0:00 0:00
Michael Prapavessis 0 0 0 -2 0 1 0 1 0 0 0/0 10:34 0:00 0:00
Mike Hoffman 0 1 1 -2 0 3 1 1 1 0 3/3 20:07 6:09 0:00
Nicolas Aube-Kubel 1 4 5 0 2 4 2 0 0 2 0/1 18:38 5:16 0:00
Taylor Aronson 0 0 0 1 0 2 3 1 0 0 0/0 27:14 6:46 0:11
Tommy Vannelli 0 1 1 -2 0 0 0 2 0 0 0/0 16:49 4:39 0:00
Trent Frederic 0 0 0 0 0 0 1 0 0 0 3/8 12:33 0:00 0:11
Vincent Dunn 0 0 0 1 0 0 0 0 0 0 1/2 8:41 0:00 0:00
Zach Stepan 1 2 3 0 0 2 1 0 1 0 6/14 18:39 5:16 0:00
3 Stars
1 - Jamie McGinn (Her)
2 - Nicolas Aube-Kubel (Her)
3 - Joe Labate (BRI)
Power Play
Sound Tigers - 1 on 1 Attempt(s) - 100.00%
Bears - 3 on 8 Attempt(s) - 37.50%
Penalty Kill
Sound Tigers - 5 on 8 Attempt(s) - 62.50%
- Score 0 goal in Penalty Kill
Bears - 0 on 1 Attempt(s) - 0.00%
- Score 0 goal in Penalty Kill
Team Stat
Sound Tigers - Hits : 27 - Faceoff Wins : 27 - Blocked Shots : 10 - Penalty Minutes : 16
Bears - Hits : 31 - Faceoff Wins : 33 - Blocked Shots : 11 - Penalty Minutes : 2
Official
Referees : Brandon Schrader and Chris Schlenker
Linesman : Derek Nansen and Pierre Racicot
Game Notes
Jamie McGinn has scored a Hat Trick!
Pavel Francouz enters game at 2:25 of 2nd period
Finance
Level 1 -- Attendance: 2000 (100.00%) -- Ticket Income $70,000
Level 2 -- Attendance: 848 (84.80%) -- Ticket Income $12,720
Total Attendance: 2848 (94.93%)
Total Ticket Income: $82,720
Other Income: $4,136
Total Income: $86,856
Sound Tigers
5 vs 5 Forward
Center Left Wing Right Wing Time % Phy DF OF
1 Ryan Hartman Alex Tuch Borna Rendulic 40 1 2 2
2 Joe Labate James Sheppard Christian Fischer 30 1 2 2
3 Ryan Bourque Garret Ross James Livingstone 20 1 2 2
4 Pavel Kraskovsky Ben Thomson Scott Glennie 10 1 2 2
5 vs 5 Defense
Defense Defense Time % Phy DF OF
1 Connor Murphy Dylan McIlrath 40 1 2 2
2 Julian Melchiori Slater Koekkoek 30 1 2 2
3 Gabriel Carlsson Alexander Yelesin 20 1 2 2
4 Connor Murphy Dylan McIlrath 10 1 2 2
PowerPlay Forward
Center Left Wing Right Wing Time % Phy DF OF
1 Ryan Hartman Alex Tuch Borna Rendulic 60 1 2 2
2 Joe Labate James Sheppard Christian Fischer 40 1 2 2
PowerPlay Defense
Defense Defense Time % Phy DF OF
1 Connor Murphy Dylan McIlrath 60 1 2 2
2 Julian Melchiori Slater Koekkoek 40 1 2 2
Penalty Kill 4 Players Forward
Center Wing Time % Phy DF OF
1 Ryan Hartman Alex Tuch 60 1 2 2
2 James Sheppard Garret Ross 40 1 2 2
Penalty Kill 4 Players Defense
Defense Defense Time % Phy DF OF
1 Connor Murphy Dylan McIlrath 60 1 2 2
2 Julian Melchiori Slater Koekkoek 40 1 2 2
Penalty Kill - 3 Players Forward
Forward Time % Phy DF OF
1 Ryan Hartman 60 1 2 2
2 Alex Tuch 40 1 2 2
Penalty Kill - 3 Players Defense
Defense Defense Time % Phy DF OF
1 Connor Murphy Dylan McIlrath 60 1 2 2
2 Julian Melchiori Slater Koekkoek 40 1 2 2
4 vs 4 Forward
Center Wing Time % Phy DF OF
1 Ryan Hartman Alex Tuch 60 1 2 2
2 James Sheppard Garret Ross 40 1 2 2
4 vs 4 Defense
Defense Defense Time % Phy DF OF
1 Connor Murphy Dylan McIlrath 60 1 2 2
2 Julian Melchiori Slater Koekkoek 40 1 2 2
Last Minutes Offensive
Center Left Wing Right Wing Defense Defense
Ryan Hartman Alex Tuch Borna Rendulic Connor Murphy Dylan McIlrath
Last Minutes Defensive
Center Left Wing Right Wing Defense Defense
Ryan Hartman Alex Tuch Borna Rendulic Connor Murphy Dylan McIlrath
Goaltenders
Starting : Sean Maguire
Backup : Pavel Francouz
Extra Forwards
Normal : Rhett Gardner, James Livingstone, Ben Thomson - PP : Rhett Gardner, James Livingstone - PK : Ben Thomson
Extra Defensemen
Normal : Gabriel Carlsson, Alexander Yelesin, Julian Melchiori - PP : Gabriel Carlsson - PK : Alexander Yelesin, Julian Melchiori
Penalty Shots
Ryan Hartman, Alex Tuch, James Sheppard, Garret Ross, Borna Rendulic
Scratches
Ben Johnson (Healthy), Blake Speers (Healthy), Brad Ross (Healthy), David Broll (Healthy), Josh Archibald (Healthy)
Tyrell Goulbourne (Healthy), Garret Pilon (Healthy), Brandon Gignac (Healthy), Casey Staum (Healthy), Chris Driedger (Healthy)
Bears
5 vs 5 Forward
Center Left Wing Right Wing Time % Phy DF OF
1 Angelo Esposito Mike Hoffman Jake Virtanen 35 0 1 4
2 Zach Stepan Jamie McGinn Nicolas Aube-Kubel 30 0 2 3
3 Trent Frederic Brendan Perlini Austin Wuthrich 20 0 2 3
4 Vincent Dunn Kerby Rychel Brett Bulmer 15 0 2 3
5 vs 5 Defense
Defense Defense Time % Phy DF OF
1 Joey Laleggia Taylor Aronson 40 0 2 3
2 Derek Forbort Gianluca Curcuruto 30 0 2 3
3 Tommy Vannelli Michael Prapavessis 20 0 3 2
4 Joey Laleggia Taylor Aronson 10 0 2 3
PowerPlay Forward
Center Left Wing Right Wing Time % Phy DF OF
1 Angelo Esposito Mike Hoffman Jake Virtanen 60 0 1 4
2 Zach Stepan Jamie McGinn Nicolas Aube-Kubel 40 0 1 4
PowerPlay Defense
Defense Defense Time % Phy DF OF
1 Joey Laleggia Taylor Aronson 60 0 2 3
2 Derek Forbort Tommy Vannelli 40 0 2 3
Penalty Kill 4 Players Forward
Center Wing Time % Phy DF OF
1 Trent Frederic Nicolas Aube-Kubel 60 0 4 1
2 Zach Stepan Jamie McGinn 40 0 4 1
Penalty Kill 4 Players Defense
Defense Defense Time % Phy DF OF
1 Joey Laleggia Taylor Aronson 60 0 4 1
2 Gianluca Curcuruto Tommy Vannelli 40 0 4 1
Penalty Kill - 3 Players Forward
Forward Time % Phy DF OF
1 Trent Frederic 60 0 5 0
2 Zach Stepan 40 0 5 0
Penalty Kill - 3 Players Defense
Defense Defense Time % Phy DF OF
1 Joey Laleggia Taylor Aronson 60 0 5 0
2 Gianluca Curcuruto Michael Prapavessis 40 0 5 0
4 vs 4 Forward
Center Wing Time % Phy DF OF
1 Angelo Esposito Jake Virtanen 55 0 2 3
2 Zach Stepan Mike Hoffman 45 0 2 3
4 vs 4 Defense
Defense Defense Time % Phy DF OF
1 Joey Laleggia Taylor Aronson 60 0 2 3
2 Gianluca Curcuruto Tommy Vannelli 40 0 2 3
Last Minutes Offensive
Center Left Wing Right Wing Defense Defense
Angelo Esposito Kerby Rychel Jake Virtanen Joey Laleggia Taylor Aronson
Last Minutes Defensive
Center Left Wing Right Wing Defense Defense
Zach Stepan Kerby Rychel Nicolas Aube-Kubel Joey Laleggia Taylor Aronson
Goaltenders
Starting : Jake Allen
Backup : Joni Ortio
Extra Forwards
Normal : Mike Hoffman, Angelo Esposito, Jake Virtanen - PP : Mike Hoffman, Angelo Esposito - PK : Jamie McGinn
Extra Defensemen
Normal : Joey Laleggia, Taylor Aronson, Gianluca Curcuruto - PP : Taylor Aronson - PK : Joey Laleggia, Taylor Aronson
Penalty Shots
Brendan Perlini, Mike Hoffman, Jake Virtanen, Nicolas Aube-Kubel, Angelo Esposito
Scratches
Caleb Jones (Healthy), Colby Cave (Healthy), Jakob Lilja (Healthy), Jesper Pettersson (Healthy), Mackenze Stewart (Healthy)
Mikko Vainonen (Healthy), Nikolay Prokhorkin (Healthy), Ryan Graves (Healthy), Warren Foegele (Healthy), Logan O'Connor (Healthy)
Nicholas Caamano (Healthy), Jakob Stenqvist (Healthy), Arvid Henrikson (Healthy)
% Time on Ice - Sound Tigers
Lines # - Real PCT - Wanted PCT - Time Play
Normal Forward
1 - 32% - 40% - 15:06
2 - 29% - 30% - 13:40
3 - 23% - 20% - 10:46
4 - 16% - 10% - 7:48
Normal Defense
1 - 41% - 40% - 19:26
2 - 28% - 30% - 13:08
3 - 27% - 20% - 12:43
4 - 4% - 10% - 2:03
PP Forward
1 - 100% - 60% - 0:11
2 - 0% - 40% - 0:00
PP Defense
1 - 100% - 60% - 0:11
2 - 0% - 40% - 0:00
PK Forward
1 - 75% - 60% - 8:37
2 - 25% - 40% - 2:48
PK Defense
1 - 61% - 60% - 6:59
2 - 39% - 40% - 4:26
PK3 Forward
1 - 0% - 60%
2 - 0% - 40%
PK3 Defense
1 - 0% - 60%
2 - 0% - 40%
44 Forward
1 - 0% - 60%
2 - 0% - 40%
44 Defense
1 - 0% - 60%
2 - 0% - 40%
Last Minute Offensive - 1:04
Last Minute Defensive - 0:00
Total
Forward - 60:00
Defense - 60:00
|
% Time on Ice - Bears
Lines # - Real PCT - Wanted PCT - Time Play
Normal Forward
1 - 30% - 35% - 13:58
2 - 26% - 30% - 12:19
3 - 26% - 20% - 12:22
4 - 18% - 15% - 8:41
Normal Defense
1 - 38% - 40% - 17:56
2 - 36% - 30% - 16:53
3 - 22% - 20% - 10:34
4 - 4% - 10% - 1:57
PP Forward
1 - 54% - 60% - 6:09
2 - 46% - 40% - 5:16
PP Defense
1 - 59% - 60% - 6:46
2 - 41% - 40% - 4:39
PK Forward
1 - 100% - 60% - 0:11
2 - 0% - 40% - 0:00
PK Defense
1 - 100% - 60% - 0:11
2 - 0% - 40% - 0:00
PK3 Forward
1 - 0% - 60%
2 - 0% - 40%
PK3 Defense
1 - 0% - 60%
2 - 0% - 40%
44 Forward
1 - 0% - 55%
2 - 0% - 45%
44 Defense
1 - 0% - 60%
2 - 0% - 40%
Last Minute Offensive - 0:00
Last Minute Defensive - 1:04
Total
Forward - 60:00
Defense - 60:00
|
Play-by-Play
1st period
0:01 of 1st period - Angelo Esposito wins face-off versus Ryan Hartman in neutral zone.
0:05 of 1st period - Off-side.
0:06 of 1st period - Angelo Esposito wins face-off versus Borna Rendulic in neutral zone.
0:43 of 1st period - Wrist shot by Garret Ross.
0:43 of 1st period - Stopped by Jake Allen with a rebound.
0:53 of 1st period - Mike Hoffman is hit by Ben Thomson and loses puck.
1:08 of 1st period - Slapshot by Jake Virtanen.
1:08 of 1st period - Goal by Jake Virtanen - Sound Tigers : 0 - Bears : 1.
1:09 of 1st period - Zach Stepan wins face-off versus Joe Labate in neutral zone.
1:13 of 1st period - Minor Penalty to Christian Fischer for Tripping.
1:14 of 1st period - Zach Stepan wins face-off versus Ryan Hartman in Sound Tigers zone.
1:18 of 1st period - Wrist shot by Zach Stepan.
1:18 of 1st period - Deflect By Jamie McGinn.
1:18 of 1st period - Stopped by Sean Maguire without a rebound.
1:19 of 1st period - Ryan Hartman wins face-off versus Zach Stepan in Sound Tigers zone.
1:34 of 1st period - Wrist shot by Jamie McGinn.
1:34 of 1st period - Goal by Jamie McGinn - Sound Tigers : 0 - Bears : 2.
1:35 of 1st period - Zach Stepan wins face-off versus Christian Fischer in neutral zone.
1:40 of 1st period - Snap shot by Nicolas Aube-Kubel.
1:40 of 1st period - Deflect By Zach Stepan.
1:40 of 1st period - Shot Misses the Net.
1:40 of 1st period - Puck is out of play.
1:41 of 1st period - Joe Labate wins face-off versus Zach Stepan in Sound Tigers zone.
1:50 of 1st period - Snap shot by Nicolas Aube-Kubel.
1:50 of 1st period - Stopped by Sean Maguire with a rebound.
2:04 of 1st period - Zach Stepan is hit by Joe Labate and loses puck.
2:21 of 1st period - Wrist shot by Jamie McGinn.
2:21 of 1st period - Shot Misses the Net.
3:03 of 1st period - Snap shot by James Sheppard.
3:03 of 1st period - Stopped by Jake Allen with a rebound.
3:25 of 1st period - Gabriel Carlsson is hit by Zach Stepan and loses puck.
3:46 of 1st period - Wrist shot by Christian Fischer.
3:46 of 1st period - Shot Misses the Net.
3:58 of 1st period - James Sheppard is hit by Jamie McGinn and loses puck.
4:07 of 1st period - Jamie McGinn is hit by Joe Labate and loses puck.
4:37 of 1st period - Backhand shot by Christian Fischer.
4:37 of 1st period - Shot Misses the Net.
5:05 of 1st period - Slapshot by Zach Stepan.
5:05 of 1st period - Shot Misses the Net.
5:07 of 1st period - Snap shot by Jamie McGinn.
5:07 of 1st period - Goal by Jamie McGinn - Sound Tigers : 0 - Bears : 3.
5:08 of 1st period - Ryan Hartman wins face-off versus Trent Frederic in neutral zone.
5:15 of 1st period - Snap shot by Brendan Perlini.
5:15 of 1st period - Shot Blocked by Dylan McIlrath.
5:17 of 1st period - Snap shot by Tommy Vannelli.
5:17 of 1st period - Deflect By Brendan Perlini.
5:17 of 1st period - Shot Misses the Net.
5:17 of 1st period - Puck is out of play.
5:18 of 1st period - Trent Frederic wins face-off versus Ryan Hartman in Sound Tigers zone.
5:43 of 1st period - Wrist shot by Austin Wuthrich.
5:43 of 1st period - Stopped by Sean Maguire without a rebound.
5:44 of 1st period - Vincent Dunn wins face-off versus Ryan Bourque in Sound Tigers zone.
5:45 of 1st period - Wrist shot by Kerby Rychel.
5:45 of 1st period - Stopped by Sean Maguire with a rebound.
5:55 of 1st period - Snap shot by Brett Bulmer.
5:55 of 1st period - Stopped by Sean Maguire with a rebound.
6:09 of 1st period - Julian Melchiori is hit by Jake Virtanen and loses puck.
6:16 of 1st period - Slapshot by Jake Virtanen.
6:16 of 1st period - Shot Misses the Net.
7:03 of 1st period - Vincent Dunn is hit by James Livingstone and loses puck.
7:23 of 1st period - Ben Thomson is hit by Jake Virtanen and loses puck.
7:59 of 1st period - Connor Murphy is hit by Brett Bulmer and loses puck.
9:20 of 1st period - Alex Tuch is hit by Angelo Esposito.
13:24 of 1st period - Austin Wuthrich is hit by Alex Tuch and loses puck.
15:58 of 1st period - Michael Prapavessis is hit by Ben Thomson and loses puck.
16:45 of 1st period - Joe Labate is hit by Jamie McGinn.
17:00 of 1st period - Vincent Dunn is hit by Borna Rendulic and loses puck.
17:25 of 1st period - Mike Hoffman is hit by Pavel Kraskovsky and loses puck.
17:30 of 1st period - Wrist shot by Pavel Kraskovsky.
17:30 of 1st period - Stopped by Jake Allen with a rebound.
17:42 of 1st period - Zach Stepan is hit by Ryan Hartman and loses puck.
18:15 of 1st period - James Livingstone is hit by Trent Frederic and loses puck.
18:28 of 1st period - Wrist shot by Mike Hoffman.
18:28 of 1st period - Shot Misses the Net.
18:30 of 1st period - Snap shot by Angelo Esposito.
18:30 of 1st period - Shot Misses the Net.
18:32 of 1st period - Slapshot by Emil Johansson.
18:32 of 1st period - Shot Blocked by Slater Koekkoek.
18:34 of 1st period - Slapshot by Gianluca Curcuruto.
18:34 of 1st period - Shot Blocked by Julian Melchiori.
18:43 of 1st period - Off-side.
18:44 of 1st period - Ryan Hartman wins face-off versus Zach Stepan in neutral zone.
18:49 of 1st period - Slapshot by Connor Murphy.
18:49 of 1st period - Stopped by Jake Allen with a rebound.
18:55 of 1st period - Wrist shot by Jamie McGinn.
18:55 of 1st period - Stopped by Sean Maguire without a rebound.
18:56 of 1st period - Mike Hoffman wins face-off versus Ryan Hartman in Sound Tigers zone.
19:07 of 1st period - Snap shot by Ryan Hartman.
19:07 of 1st period - Shot Misses the Net.
19:46 of 1st period - Austin Wuthrich is hit by Scott Glennie and loses puck.
Goals for this period are 0 for Sound Tigers vs 3 for Bears.
Shots for this period are 4 for Sound Tigers vs 9 for Bears.
2nd period
0:01 of 2nd period - Borna Rendulic wins face-off versus Angelo Esposito in neutral zone.
0:11 of 2nd period - Icing by Joey Laleggia.
0:12 of 2nd period - Ryan Hartman wins face-off versus Angelo Esposito in Bears zone.
0:29 of 2nd period - Angelo Esposito is hit by Ryan Hartman and loses puck.
0:44 of 2nd period - Snap shot by Mike Hoffman.
0:44 of 2nd period - Stopped by Sean Maguire without a rebound.
0:45 of 2nd period - Christian Fischer wins face-off versus Zach Stepan in Sound Tigers zone.
0:56 of 2nd period - Slapshot by James Sheppard.
0:56 of 2nd period - Goal by James Sheppard - Sound Tigers : 1 - Bears : 3.
0:57 of 2nd period - Ryan Hartman wins face-off versus Angelo Esposito in neutral zone.
1:08 of 2nd period - Snap shot by Mike Hoffman.
1:08 of 2nd period - Stopped by Sean Maguire without a rebound.
1:09 of 2nd period - Angelo Esposito wins face-off versus Ryan Hartman in Sound Tigers zone.
1:20 of 2nd period - Wrist shot by Alex Tuch.
1:20 of 2nd period - Shot Misses the Net.
1:22 of 2nd period - Snap shot by Ryan Hartman.
1:22 of 2nd period - Stopped by Jake Allen with a rebound.
1:24 of 2nd period - Wrist shot by Borna Rendulic.
1:24 of 2nd period - Stopped by Jake Allen without a rebound.
1:25 of 2nd period - Joe Labate wins face-off versus Nicolas Aube-Kubel in Bears zone.
1:26 of 2nd period - Snap shot by Christian Fischer.
1:26 of 2nd period - Stopped by Jake Allen without a rebound.
1:27 of 2nd period - Zach Stepan wins face-off versus Joe Labate in Bears zone.
1:27 of 2nd period - Zach Stepan is hit by Christian Fischer.
1:39 of 2nd period - Slapshot by Joey Laleggia.
1:39 of 2nd period - Stopped by Sean Maguire with a rebound.
1:41 of 2nd period - Slapshot by Joey Laleggia.
1:41 of 2nd period - Stopped by Sean Maguire with a rebound.
1:43 of 2nd period - Slapshot by Jamie McGinn.
1:43 of 2nd period - Deflect By Zach Stepan.
1:43 of 2nd period - Deflect By James Sheppard.
1:43 of 2nd period - Stopped by Sean Maguire without a rebound.
1:44 of 2nd period - Ryan Hartman wins face-off versus Angelo Esposito in Sound Tigers zone.
1:46 of 2nd period - Minor Penalty to Borna Rendulic for Boarding.
1:47 of 2nd period - Angelo Esposito wins face-off versus Ryan Hartman in Sound Tigers zone.
2:25 of 2nd period - Snap shot by Jamie McGinn.
2:25 of 2nd period - Goal by Jamie McGinn - Sound Tigers : 1 - Bears : 4.
2:25 of 2nd period - Pavel Francouz enters game.
2:26 of 2nd period - Mike Hoffman wins face-off versus Ryan Bourque in neutral zone.
2:29 of 2nd period - Slapshot by Jake Virtanen.
2:29 of 2nd period - Stopped by Pavel Francouz with a rebound.
2:31 of 2nd period - Snap shot by Joey Laleggia.
2:31 of 2nd period - Deflect By Mike Hoffman.
2:31 of 2nd period - Stopped by Pavel Francouz without a rebound.
2:32 of 2nd period - Angelo Esposito wins face-off versus James Livingstone in Sound Tigers zone.
3:52 of 2nd period - Minor Penalty to Julian Melchiori for Roughing.
3:53 of 2nd period - Angelo Esposito wins face-off versus Ryan Hartman in Sound Tigers zone.
3:57 of 2nd period - Slapshot by Mike Hoffman.
3:57 of 2nd period - Shot Misses the Net.
3:59 of 2nd period - Wrist shot by Jake Virtanen.
3:59 of 2nd period - Stopped by Pavel Francouz without a rebound.
4:00 of 2nd period - Ryan Hartman wins face-off versus Angelo Esposito in Sound Tigers zone.
4:11 of 2nd period - Snap shot by Mike Hoffman.
4:11 of 2nd period - Shot Blocked by Alexander Yelesin.
4:13 of 2nd period - Slapshot by Taylor Aronson.
4:13 of 2nd period - Shot Blocked by Slater Koekkoek.
4:29 of 2nd period - Snap shot by Joey Laleggia.
4:29 of 2nd period - Shot Blocked by James Sheppard.
4:33 of 2nd period - Snap shot by Jamie McGinn.
4:33 of 2nd period - Shot Misses the Net.
4:35 of 2nd period - Wrist shot by Jamie McGinn.
4:35 of 2nd period - Stopped by Pavel Francouz with a rebound.
5:52 of 2nd period - Penalty to Julian Melchiori is over, Julian Melchiori is back on ice.
6:18 of 2nd period - Snap shot by Brett Bulmer.
6:18 of 2nd period - Stopped by Pavel Francouz without a rebound.
6:19 of 2nd period - Joe Labate wins face-off versus Trent Frederic in Sound Tigers zone.
7:05 of 2nd period - Gabriel Carlsson is hit by Jake Virtanen and loses puck.
7:13 of 2nd period - Off-side.
7:14 of 2nd period - Ryan Hartman wins face-off versus Zach Stepan in neutral zone.
7:25 of 2nd period - Slapshot by Zach Stepan.
7:25 of 2nd period - Goal by Zach Stepan - Sound Tigers : 1 - Bears : 5.
7:26 of 2nd period - Ryan Hartman wins face-off versus Angelo Esposito in neutral zone.
8:19 of 2nd period - James Livingstone is hit by Kerby Rychel and loses puck.
8:56 of 2nd period - Alexander Yelesin is hit by Jamie McGinn and loses puck.
9:01 of 2nd period - Snap shot by Nicolas Aube-Kubel.
9:01 of 2nd period - Stopped by Pavel Francouz without a rebound.
9:02 of 2nd period - Angelo Esposito wins face-off versus Ryan Hartman in Sound Tigers zone.
9:27 of 2nd period - Michael Prapavessis is hit by Christian Fischer and loses puck.
9:38 of 2nd period - Snap shot by James Sheppard.
9:38 of 2nd period - Shot Blocked by Tommy Vannelli.
9:56 of 2nd period - Brendan Perlini is hit by Ryan Bourque and loses puck.
10:05 of 2nd period - Wrist shot by Ryan Bourque.
10:05 of 2nd period - Stopped by Jake Allen with a rebound.
10:23 of 2nd period - Slapshot by Scott Glennie.
10:23 of 2nd period - Shot Misses the Net.
10:25 of 2nd period - Snap shot by Scott Glennie.
10:25 of 2nd period - Shot Misses the Net.
10:42 of 2nd period - Slapshot by Joey Laleggia.
10:42 of 2nd period - Deflect By Brett Bulmer.
10:42 of 2nd period - Goal by Brett Bulmer - Sound Tigers : 1 - Bears : 6.
10:43 of 2nd period - Angelo Esposito wins face-off versus Ryan Hartman in neutral zone.
11:15 of 2nd period - Wrist shot by Christian Fischer.
11:15 of 2nd period - Goal by Christian Fischer - Sound Tigers : 2 - Bears : 6.
11:16 of 2nd period - Angelo Esposito wins face-off versus Ryan Hartman in neutral zone.
11:37 of 2nd period - Minor Penalty to Borna Rendulic for Interference.
11:38 of 2nd period - Ryan Hartman wins face-off versus Angelo Esposito in Sound Tigers zone.
12:03 of 2nd period - Wrist shot by Zach Stepan.
12:03 of 2nd period - Shot Misses the Net.
12:05 of 2nd period - Slapshot by Tommy Vannelli.
12:05 of 2nd period - Shot Hit the Post.
12:07 of 2nd period - Slapshot by Derek Forbort.
12:07 of 2nd period - Deflect By Nicolas Aube-Kubel.
12:07 of 2nd period - Goal by Nicolas Aube-Kubel - Sound Tigers : 2 - Bears : 7.
12:08 of 2nd period - Jake Virtanen wins face-off versus Ryan Hartman in neutral zone.
12:11 of 2nd period - Connor Murphy is hit by Joey Laleggia.
12:33 of 2nd period - Joey Laleggia is hit by Joe Labate and loses puck.
13:02 of 2nd period - Snap shot by Ben Thomson.
13:02 of 2nd period - Shot Blocked by Taylor Aronson.
13:04 of 2nd period - Snap shot by Ben Thomson.
13:04 of 2nd period - Stopped by Jake Allen without a rebound.
13:05 of 2nd period - Angelo Esposito wins face-off versus Ryan Hartman in Bears zone.
13:05 of 2nd period - Angelo Esposito is hit by Ryan Hartman.
13:31 of 2nd period - Alexander Yelesin is hit by Brendan Perlini and loses puck.
13:36 of 2nd period - Wrist shot by Austin Wuthrich.
13:36 of 2nd period - Stopped by Pavel Francouz with a rebound.
13:38 of 2nd period - Slapshot by Michael Prapavessis.
13:38 of 2nd period - Stopped by Pavel Francouz without a rebound.
13:39 of 2nd period - Ryan Hartman wins face-off versus Zach Stepan in Sound Tigers zone.
13:46 of 2nd period - Wrist shot by Alex Tuch.
13:46 of 2nd period - Stopped by Jake Allen with a rebound.
13:48 of 2nd period - Slapshot by Connor Murphy.
13:48 of 2nd period - Shot Misses the Net.
14:26 of 2nd period - Wrist shot by Pavel Kraskovsky.
14:26 of 2nd period - Stopped by Jake Allen with a rebound.
14:28 of 2nd period - Wrist shot by Scott Glennie.
14:28 of 2nd period - Shot Blocked by Angelo Esposito.
14:30 of 2nd period - Slapshot by Julian Melchiori.
14:30 of 2nd period - Shot Blocked by Tommy Vannelli.
14:32 of 2nd period - Slapshot by Julian Melchiori.
14:32 of 2nd period - Shot Blocked by Michael Prapavessis.
14:34 of 2nd period - Slapshot by Julian Melchiori.
14:34 of 2nd period - Shot Blocked by Mike Hoffman.
14:36 of 2nd period - Wrist shot by Scott Glennie.
14:36 of 2nd period - Goal by Scott Glennie - Sound Tigers : 3 - Bears : 7.
14:37 of 2nd period - Ryan Hartman wins face-off versus Zach Stepan in neutral zone.
14:40 of 2nd period - Snap shot by Borna Rendulic.
14:40 of 2nd period - Shot Blocked by Jamie McGinn.
14:42 of 2nd period - Wrist shot by Alex Tuch.
14:42 of 2nd period - Stopped by Jake Allen with a rebound.
14:47 of 2nd period - Minor Penalty to Nicolas Aube-Kubel for Boarding.
14:48 of 2nd period - Ryan Hartman wins face-off versus Trent Frederic in Bears zone.
14:58 of 2nd period - Snap shot by Alex Tuch.
14:58 of 2nd period - Goal by Alex Tuch - Sound Tigers : 4 - Bears : 7.
14:59 of 2nd period - Angelo Esposito wins face-off versus Ryan Hartman in neutral zone.
15:54 of 2nd period - Off-side.
15:55 of 2nd period - Trent Frederic wins face-off versus Ryan Bourque in neutral zone.
16:09 of 2nd period - Slapshot by Brendan Perlini.
16:09 of 2nd period - Stopped by Pavel Francouz with a rebound.
16:17 of 2nd period - Wrist shot by Ryan Bourque.
16:17 of 2nd period - Stopped by Jake Allen without a rebound.
16:18 of 2nd period - Mike Hoffman wins face-off versus Ryan Hartman in Bears zone.
16:54 of 2nd period - Snap shot by Derek Forbort.
16:54 of 2nd period - Shot Blocked by Gabriel Carlsson.
16:56 of 2nd period - Wrist shot by Nicolas Aube-Kubel.
16:56 of 2nd period - Stopped by Pavel Francouz without a rebound.
16:57 of 2nd period - Joe Labate wins face-off versus Zach Stepan in Sound Tigers zone.
16:57 of 2nd period - Joe Labate is hit by Jamie McGinn.
17:09 of 2nd period - Joe Labate is hit by Jamie McGinn and loses puck.
17:28 of 2nd period - Icing by Austin Wuthrich.
17:29 of 2nd period - Ryan Hartman wins face-off versus Trent Frederic in Bears zone.
18:25 of 2nd period - Wrist shot by Brendan Perlini.
18:25 of 2nd period - Stopped by Pavel Francouz with a rebound.
18:27 of 2nd period - Snap shot by Trent Frederic.
18:27 of 2nd period - Shot Blocked by Slater Koekkoek.
18:29 of 2nd period - Slapshot by Derek Forbort.
18:29 of 2nd period - Shot Blocked by Julian Melchiori.
18:31 of 2nd period - Snap shot by Gianluca Curcuruto.
18:31 of 2nd period - Shot Misses the Net.
18:45 of 2nd period - Snap shot by Brendan Perlini.
18:45 of 2nd period - Stopped by Pavel Francouz without a rebound.
18:46 of 2nd period - Angelo Esposito wins face-off versus Joe Labate in Sound Tigers zone.
18:52 of 2nd period - Minor Penalty to Christian Fischer for Tripping.
18:53 of 2nd period - James Sheppard wins face-off versus Angelo Esposito in Sound Tigers zone.
19:45 of 2nd period - Ben Thomson is hit by Nicolas Aube-Kubel and loses puck.
Goals for this period are 4 for Sound Tigers vs 4 for Bears.
Shots for this period are 13 for Sound Tigers vs 21 for Bears.
3rd period
0:01 of 3rd period - Angelo Esposito wins face-off versus Ryan Hartman in neutral zone.
0:10 of 3rd period - Wrist shot by Angelo Esposito.
0:10 of 3rd period - Shot Misses the Net.
0:52 of 3rd period - Penalty to Christian Fischer is over, Christian Fischer is back on ice.
1:02 of 3rd period - Snap shot by Ben Thomson.
1:02 of 3rd period - Shot Blocked by Derek Forbort.
1:04 of 3rd period - Snap shot by Pavel Kraskovsky.
1:04 of 3rd period - Stopped by Jake Allen with a rebound.
1:06 of 3rd period - Snap shot by Ben Thomson.
1:06 of 3rd period - Shot Misses the Net.
1:08 of 3rd period - Wrist shot by Pavel Kraskovsky.
1:08 of 3rd period - Shot Blocked by Brett Bulmer.
1:43 of 3rd period - Snap shot by Christian Fischer.
1:43 of 3rd period - Stopped by Jake Allen without a rebound.
1:44 of 3rd period - Angelo Esposito wins face-off versus Ryan Bourque in Bears zone.
1:44 of 3rd period - Angelo Esposito is hit by Garret Ross.
1:50 of 3rd period - Slapshot by Mike Hoffman.
1:50 of 3rd period - Shot Misses the Net.
1:52 of 3rd period - Minor Penalty to Dylan McIlrath for Goalie Interference.
1:53 of 3rd period - Angelo Esposito wins face-off versus Ryan Hartman in Sound Tigers zone.
2:19 of 3rd period - Ryan Hartman is hit by Jamie McGinn and loses puck.
3:50 of 3rd period - Julian Melchiori is hit by Derek Forbort and loses puck.
3:52 of 3rd period - Penalty to Dylan McIlrath is over, Dylan McIlrath is back on ice.
4:01 of 3rd period - Wrist shot by Julian Melchiori.
4:01 of 3rd period - Stopped by Jake Allen with a rebound.
4:07 of 3rd period - Julian Melchiori is hit by Taylor Aronson and loses puck.
4:28 of 3rd period - Wrist shot by Christian Fischer.
4:28 of 3rd period - Shot Misses the Net.
5:09 of 3rd period - Icing by Mike Hoffman.
5:10 of 3rd period - Angelo Esposito wins face-off versus Ryan Bourque in Bears zone.
5:43 of 3rd period - Ryan Hartman is hit by Jamie McGinn and loses puck.
5:54 of 3rd period - Connor Murphy is hit by Jamie McGinn and loses puck.
6:20 of 3rd period - Julian Melchiori is hit by Austin Wuthrich and loses puck.
6:33 of 3rd period - Jake Virtanen is hit by Ryan Bourque and loses puck.
6:38 of 3rd period - Slapshot by Garret Ross.
6:38 of 3rd period - Shot Blocked by Angelo Esposito.
6:40 of 3rd period - Wrist shot by Garret Ross.
6:40 of 3rd period - Shot Misses the Net.
6:54 of 3rd period - Alexander Yelesin is hit by Kerby Rychel and loses puck.
7:01 of 3rd period - Taylor Aronson is hit by James Sheppard and loses puck.
7:38 of 3rd period - Wrist shot by Scott Glennie.
7:38 of 3rd period - Stopped by Jake Allen with a rebound.
7:48 of 3rd period - Dylan McIlrath is hit by Mike Hoffman.
8:23 of 3rd period - Christian Fischer is hit by Kerby Rychel and loses puck.
8:50 of 3rd period - Minor Penalty to Alexander Yelesin for Tripping.
8:51 of 3rd period - Angelo Esposito wins face-off versus Ryan Hartman in Sound Tigers zone.
9:27 of 3rd period - Snap shot by Zach Stepan.
9:27 of 3rd period - Deflect By Jamie McGinn.
9:27 of 3rd period - Shot Misses the Net.
9:27 of 3rd period - Puck is out of play.
9:28 of 3rd period - Zach Stepan wins face-off versus Ryan Hartman in Sound Tigers zone.
9:53 of 3rd period - James Sheppard is hit by Taylor Aronson and loses puck.
10:49 of 3rd period - Connor Murphy is hit by Nicolas Aube-Kubel and loses puck.
10:50 of 3rd period - Penalty to Alexander Yelesin is over, Alexander Yelesin is back on ice.
11:15 of 3rd period - Tommy Vannelli is hit by Pavel Kraskovsky and loses puck.
11:21 of 3rd period - Off-side.
11:22 of 3rd period - Trent Frederic wins face-off versus Ryan Hartman in neutral zone.
11:43 of 3rd period - Minor Penalty to Ryan Hartman for Roughing.
11:44 of 3rd period - Ben Thomson wins face-off versus Angelo Esposito in Sound Tigers zone.
12:15 of 3rd period - Backhand shot by Taylor Aronson.
12:15 of 3rd period - Shot Blocked by Dylan McIlrath.
13:43 of 3rd period - Penalty to Ryan Hartman is over, Ryan Hartman is back on ice.
13:56 of 3rd period - Gabriel Carlsson is hit by Kerby Rychel and loses puck.
14:16 of 3rd period - Ryan Hartman is hit by Austin Wuthrich and loses puck.
14:21 of 3rd period - Snap shot by Austin Wuthrich.
14:21 of 3rd period - Stopped by Pavel Francouz with a rebound.
15:07 of 3rd period - Joey Laleggia is hit by Slater Koekkoek and loses puck.
15:18 of 3rd period - Kerby Rychel is hit by Borna Rendulic.
15:37 of 3rd period - Icing by Ben Thomson.
15:38 of 3rd period - Joe Labate wins face-off versus Angelo Esposito in Sound Tigers zone.
15:43 of 3rd period - Mike Hoffman is hit by Dylan McIlrath and loses puck.
15:48 of 3rd period - Snap shot by Joe Labate.
15:48 of 3rd period - Deflect By Gianluca Curcuruto.
15:48 of 3rd period - Goal by Joe Labate - Sound Tigers : 5 - Bears : 7.
15:49 of 3rd period - Angelo Esposito wins face-off versus Ryan Bourque in neutral zone.
16:00 of 3rd period - Wrist shot by Garret Ross.
16:00 of 3rd period - Shot Misses the Net.
16:02 of 3rd period - Wrist shot by Ryan Bourque.
16:02 of 3rd period - Goal by Ryan Bourque - Sound Tigers : 6 - Bears : 7.
16:03 of 3rd period - Ryan Bourque wins face-off versus Angelo Esposito in neutral zone.
16:08 of 3rd period - Wrist shot by Connor Murphy.
16:08 of 3rd period - Shot Misses the Net.
16:10 of 3rd period - Wrist shot by Garret Ross.
16:10 of 3rd period - Stopped by Jake Allen with a rebound.
16:12 of 3rd period - Slapshot by James Livingstone.
16:12 of 3rd period - Stopped by Jake Allen with a rebound.
16:14 of 3rd period - Wrist shot by Ryan Bourque.
16:14 of 3rd period - Deflect By Garret Ross.
16:14 of 3rd period - Stopped by Jake Allen with a rebound.
16:16 of 3rd period - Snap shot by James Livingstone.
16:16 of 3rd period - Stopped by Jake Allen with a rebound.
16:30 of 3rd period - Icing by Angelo Esposito.
16:31 of 3rd period - Joe Labate wins face-off versus Angelo Esposito in Bears zone.
17:18 of 3rd period - Brendan Perlini is hit by Connor Murphy and loses puck.
17:23 of 3rd period - Snap shot by Ryan Hartman.
17:23 of 3rd period - Stopped by Jake Allen without a rebound.
17:24 of 3rd period - Austin Wuthrich wins face-off versus Ryan Hartman in Bears zone.
17:35 of 3rd period - Slapshot by Joey Laleggia.
17:35 of 3rd period - Shot Misses the Net.
17:37 of 3rd period - Snap shot by Brendan Perlini.
17:37 of 3rd period - Shot Misses the Net.
17:39 of 3rd period - Slapshot by Taylor Aronson.
17:39 of 3rd period - Stopped by Pavel Francouz without a rebound.
17:40 of 3rd period - James Livingstone wins face-off versus Vincent Dunn in Sound Tigers zone.
17:40 of 3rd period - James Livingstone is hit by Kerby Rychel.
17:48 of 3rd period - Ryan Bourque is hit by Taylor Aronson and loses puck.
17:56 of 3rd period - Icing by Ryan Bourque.
17:57 of 3rd period - Ryan Bourque wins face-off versus Trent Frederic in Sound Tigers zone.
18:33 of 3rd period - Slapshot by Taylor Aronson.
18:33 of 3rd period - Stopped by Pavel Francouz with a rebound.
18:45 of 3rd period - Sound Tigers, Pavel Francouz is pulled from the net.
18:47 of 3rd period - Snap shot by Ryan Bourque.
18:47 of 3rd period - Stopped by Jake Allen with a rebound.
18:49 of 3rd period - Wrist shot by Dylan McIlrath.
18:49 of 3rd period - Shot Blocked by Joey Laleggia.
18:51 of 3rd period - Wrist shot by Ryan Bourque.
18:51 of 3rd period - Shot Misses the Net.
18:53 of 3rd period - Slapshot by Dylan McIlrath.
18:53 of 3rd period - Shot Misses the Net.
18:55 of 3rd period - Slapshot by Connor Murphy.
18:55 of 3rd period - Stopped by Jake Allen without a rebound.
18:56 of 3rd period - Paul Maurice call a timeout for Sound Tigers.
18:56 of 3rd period - Zach Stepan wins face-off versus Ryan Hartman in Bears zone.
18:56 of 3rd period - Zach Stepan is hit by Connor Murphy.
19:06 of 3rd period - Joey Laleggia is hit by Ryan Hartman and loses puck.
19:46 of 3rd period - Nicolas Aube-Kubel is hit by Alex Tuch and loses puck.
Goals for this period are 2 for Sound Tigers vs 0 for Bears.
Shots for this period are 13 for Sound Tigers vs 3 for Bears.